AoeStats
← ^5Toasty^2PopTart

Arena

510596137Analyzed
2v2 RM · 17h ago on Oct 1, 2026· 83m 28s· 4 players
Game mode
Random Map
Map size
Medium (4 player)
Population
200
Speed
Normal
Resources
Standard
Victory
Conquest
Starting age
Dark Age
Ending age
Imperial Age
RankedLock teamsTeams togetherTeam positionsShared explorationLock speedFull tech treeHidden civsTurbo modeCheats
Victory
Defeat
🇺🇸 Burmese · United States
766
+18
🇺🇸 Portuguese · United States
746
+19
🇪🇸 Khmer · Spain
820
-19
🇪🇸 Khmer · Spain
805
-18
^5Toasty^2PopTart
9:33 Feudal Age
9:21 Loom
12:53 Wheelbarrow
12:04 Town Watch
19:00 Gold Mining
20:48 Forging
23:43 Castle Age
22:39 Horse Collar
23:54 Pikeman
24:35 Squires
25:13 Iron Casting
24:39 Scale Mail Armor
25:45 Gambesons
26:54 Chain Mail Armor
42:59 Masonry
44:45 Heavy Plow
44:49 Fletching
47:30 Hand Cart
47:28 Town Patrol
54:59 Imperial Age
53:31 Treadmill Crane
53:50 Guard Tower
53:56 Murder Holes
53:59 Bodkin Arrow
54:04 Padded Archer Armor
54:22 Husbandry
54:29 Scale Barding Armor
54:37 Bloodlines
55:17 Onager
56:36 Conscription
55:45 Halberdier
58:22 Blast Furnace
57:22 Bracer
57:43 Chain Barding Armor
63:30 Conscription
63:16 Howdah
65:00 Chemistry
64:07 Siege Engineers
67:50 Plate Mail Armor
69:36 Fervor
69:50 Elite Arambai
72:29 Elite Battle Elephant
76:33 Sanctity
76:47 Illumination
76:53 Redemption
81:58 Plate Barding Armor
slipoker
0:28 Loom
13:58 Feudal Age
14:35 Horse Collar
14:44 Double-Bit Axe
20:02 Castle Age
20:30 Pikeman
25:12 Scale Mail Armor
25:22 Forging
26:15 Chain Mail Armor
29:40 Iron Casting
33:11 Imperial Age
33:50 Treadmill Crane
34:27 Fortified Wall
37:06 Chemistry
37:25 Guilds
37:31 Stone Mining
37:34 Gold Mining
40:18 Fletching
41:32 Blast Furnace
41:11 Plate Mail Armor
42:08 Stone Shaft Mining
42:44 Wheelbarrow
41:59 Town Watch
43:04 Bodkin Arrow
43:14 Arquebus
43:35 Conscription
44:00 Coinage
43:23 Halberdier
45:12 Hand Cart
45:00 Town Patrol
45:29 Bombard Tower
47:50 Murder Holes
50:59 Banking
50:44 Siege Engineers
50:42 Bracer
52:07 Padded Archer Armor
52:12 Scale Barding Armor
63:32 Thumb Ring
62:47 Crossbowman
63:10 Light Cavalry
64:01 Bloodlines
63:51 Husbandry
65:02 Arbalester
68:50 Leather Archer Armor
68:56 Chain Barding Armor
68:51 Bow Saw
68:06 Cavalier
69:31 Circumnavigation
69:02 Sappers
70:20 Elite Organ Gun
79:19 Masonry
78:59 Heated Shot
79:30 Ballistics
80:33 Elite Skirmisher
miniopepotes98
13:08 Feudal Age
16:36 Castle Age
14:39 Double-Bit Axe
16:35 Bloodlines
18:09 Bow Saw
18:07 Horse Collar
21:29 Loom
22:45 Gold Mining
26:19 Wheelbarrow
28:38 Hand Cart
32:14 Imperial Age
30:11 Heavy Plow
32:14 Tusk Swords
33:43 Crop Rotation
34:11 Gold Shaft Mining
35:01 Hand Cart
35:46 Scale Barding Armor
36:33 Forging
38:40 Chain Barding Armor
39:27 Iron Casting
40:24 Plate Barding Armor
39:36 Light Cavalry
40:50 Conscription
41:29 Caravan
43:47 Double Crossbow
45:27 Blast Furnace
45:06 Husbandry
46:41 Hussar
48:05 Elite Ballista Elephant
vacaLechada7
14:56 Feudal Age
18:39 Castle Age
16:49 Double-Bit Axe
16:46 Horse Collar
17:02 Gold Mining
18:55 Bloodlines
25:44 Stone Mining
26:19 Scale Barding Armor
35:44 Imperial Age
34:42 Wheelbarrow
35:49 Gold Shaft Mining
37:04 Bow Saw
36:57 Heavy Plow
37:37 Hand Cart
37:38 Elite Ballista Elephant
39:11 Double Crossbow
42:06 Conscription
42:35 Caravan
44:07 Chain Barding Armor
44:21 Husbandry
44:43 Forging
47:15 Light Cavalry
48:57 Hussar
57:56 Scale Mail Armor
58:33 Plate Barding Armor
58:34 Iron Casting
63:51 Stone Shaft Mining
73:02 Blast Furnace
Connection lost

Rejoining the realm…

Still unreachable

The connection could not be restored.

Session expired

The server has moved on; the page needs a fresh start.